 Dungeon Crawl Stone Soup version 0.27-a0-1278-g6cbc8dfb29 (webtiles) character file.

Game seed: 16002531396891824583

24341 porpoise the Grappler (level 12, -6/95 HPs)
             Began as a Demonspawn Fighter on June 12, 2021.
             Was an Elder of Yredelemnul.
             Mangled by a quicksilver ooze (9 damage)
             ... in an ice cave.
             The game lasted 01:02:28 (15832 turns).

porpoise the Grappler (Demonspawn Fighter)         Turns: 15832, Time: 01:02:41

Health: -6/95      AC: 18    Str: 26    XL:     12   Next: 79%
Magic:  18/18      EV:  8    Int: 10    God:    Yredelemnul [****..]
Gold:   1128       SH: 20    Dex: 13    Spells: 7/11 levels left

rFire    . . .     SeeInvis .     - Unarmed
rCold    + . .     Faith    .   a - +1 kite shield
rNeg     . . .     Spirit   .   h - +0 plate armour of Toothy Leaves {Str+5 Slay+2}
rPois    +         Reflect  .   J - +0 helmet
rElec    +         Harm     .   (no cloak)
rCorr    .         Rampage  .   (gloves unavailable)
Will     +....                  (no boots)
Stlth    ..........             (no amulet)
HPRegen  0.25/turn              v - ring "Plog" {Drain rElec rPois rC+ Will+}
MPRegen  0.16/turn              R - +4 ring of protection

@: engulfed (cannot breathe)
A: claws 3, large bone plates 3, powered by pain 2, demonic magic 2
a: Renounce Religion, Recall Undead Slaves, Injury Mirror, Animate Dead, Drain
Life


You were in an ice cave.
You worshipped Yredelemnul.
Yredelemnul was greatly pleased with you.
You visited 1 branch of the dungeon, and saw 14 of its levels.
You also visited: Sewer and Ice Cave.

You collected 1128 gold pieces.

Inventory:

Hand Weapons
 b - a +1 hunting sling
 T - a +2 trident of protection
Missiles
 i - 175 bolts
 k - 476 stones
 s - 25 poisoned darts
 w - 28 sling bullets
 F - 23 boomerangs
 G - a curare-tipped dart
 N - a throwing net
 P - 4 atropa-tipped darts
 Q - 7 silver javelins (quivered)
Armour
 a - a +1 kite shield (worn)
 d - a +2 scale mail of poison resistance
 h - the +0 plate armour of Toothy Leaves (worn) {Str+5 Slay+2}
   (You found it on level 5 of the Dungeon)

   It affects your strength (+5).
   It affects your accuracy and damage with ranged weapons and melee attacks
   (+2).
 I - +0 acid dragon scales
 J - a +0 helmet (worn)
 K - the +2 robe of Vines {NoPotionHeal Regen+++}
   (You found it on level 10 of the Dungeon)

   It increases your rate of health regeneration.
Jewellery
 v - the ring "Plog" (left claw) {Drain rElec rPois rC+ Will+}
   (You found it on level 6 of the Dungeon)

   [ring of willpower]

   It protects you from cold.
   It insulates you from electricity.
   It protects you from poison.
   It drains your maximum health when unequipped.
   It increases your willpower.
 B - a +6 ring of intelligence
 M - a ring of see invisible
 R - a +4 ring of protection (right claw)
Wands
 o - a wand of charming (7)
 t - a wand of flame (57)
 A - a wand of iceblast (12)
 H - a wand of paralysis (5)
 O - a wand of acid (8)
Scrolls
 f - 5 scrolls of teleportation
 q - 3 scrolls of amnesia
 u - a scroll of enchant weapon
 x - a scroll of vulnerability {unknown}
 y - 4 scrolls of noise
 z - a scroll of blinking {unknown}
 D - 2 scrolls of enchant armour
 L - a scroll of fear {unknown}
 S - a scroll of acquirement {unknown}
Potions
 e - 6 potions of heal wounds
 g - 3 potions of curing
 j - 2 potions of brilliance
 l - a potion of mutation
 m - 2 potions of ambrosia
 n - a potion of haste
 p - a potion of magic
 r - 2 potions of flight
 C - 2 potions of berserk rage {unknown}
 E - 2 potions of attraction {unknown}


   Skills:
 - Level 9.0 Fighting
 - Level 2.1 Polearms
 - Level 7.0 Armour
 - Level 7.0 Dodging
 - Level 7.0 Shields
 + Level 11.8 Unarmed Combat
 - Level 9.0 Invocations
 - Level 6.0 Evocations


You had 7 spell levels left.
You knew the following spells:

 Your Spells              Type           Power      Damage    Failure   Level
o - Corona                Hex            0%         N/A       100%        1
t - Confusing Touch       Hex            0%         N/A       100%        3

Your spell library contained the following spells:

 Spells                   Type           Power      Damage    Failure   Level
 Magic Dart               Conj           0%         1d3       100%        1
 Sandblast                Erth           0%         2d4       100%        1
 Ensorcelled Hibernation  Hex/Ice        0%         N/A       100%        2
 Passwall                 Tmut/Erth      0%         N/A       100%        2
 Searing Ray              Conj           0%         3d3       100%        2
 Dazzling Flash           Conj/Hex       0%         N/A       100%        3
 Stone Arrow              Conj/Erth      0%         3d7       100%        3
 Tukima's Dance           Hex            0%         N/A       100%        3
 Fulminant Prism          Conj/Hex       0%         3d6       100%        4
 Iskenderun's Mystic Bla  Conj/Tloc      0%         2d3       100%        4
 Petrify                  Tmut/Erth      0%         N/A       100%        4
 Lee's Rapid Deconstruct  Erth           0%         3d5*      100%        5


Dungeon Overview and Level Annotations

Branches:
Dungeon (15/15)            Temple (0/1) D:5            Lair (0/6) D:9
    Orc (0/2) D:10          Sewer (visited)           IceCv (1/1)
 Vaults: D:13-14     Depths: D:15

Altars:
Ashenzari
Cheibriados
Dithmenos
Fedhas
Gozag
Makhleb
Okawaru
Qazlal
Trog
Uskayaw
Xom
Yredelemnul
The Shining One
Beogh

Shops:
D:5 *   D:10 *

Annotations:
D:3 exclusion: downstairs
D:4 exclusion: 2 downstairs IceCv exclusion: ice statue


Innate Abilities, Weirdness & Mutations

You have claws for hands.
You are completely covered in large bone plates. (SH +8)
You sometimes gain power by taking damage.
Spells you cast may paralyse nearby enemies.


Message History

The ice statue is almost destroyed.
* * * LOW HITPOINT WARNING * * *
Your lungs strain for air!
You block the quicksilver ooze's attack. x4
You completely miss the ice statue.
The ice statue is almost destroyed.
* * * LOW HITPOINT WARNING * * *
Your lungs strain for air!
You block the quicksilver ooze's attack. x2
The ice statue gestures at you. The bolt of cold hits you. You resist.
* * * LOW HITPOINT WARNING * * *
You feel much better.
* * * LOW HITPOINT WARNING * * *
Your lungs strain for air!
You block the quicksilver ooze's attack. x2
The ice statue glitters chillingly in the dim dungeon light.
The ice statue gestures.
The quicksilver ooze hits you!
* * * LOW HITPOINT WARNING * * *
The quicksilver ooze hits you but does no damage.
You mangle the ice statue!!
You destroy the ice statue!
Yredelemnul accepts your kill.
The ice beast disappears in a puff of smoke! x2
* * * LOW HITPOINT WARNING * * *
Your lungs strain for air!
The quicksilver ooze hits you.
* * * LOW HITPOINT WARNING * * *
The quicksilver ooze hits you but does no damage.
Training target 9.0 for Invocations reached!
Your Invocations skill increases to level 9!
You miss the quicksilver ooze.
The quicksilver ooze is almost dead.
* * * LOW HITPOINT WARNING * * *
Your lungs strain for air!
You block the quicksilver ooze's attack.
The quicksilver ooze hits you!
You die...
Your body rises from the dead as a mindless zombie.

# .# ########### ...
###.........# ....
#...........###
##....#
......###.....###....#
.. .....##
###....§@J§.# 8(.
....### ###....####
#.(. #.....## ######
#.((. ##.....##
##(.... ####...###
####.((.# ##....####
###...(.#
###.....#####....(###
####.........####
####...####


You could see a quicksilver ooze.

Vanquished Creatures
  A hydra (D:14)
  Harold (D:10)
  2 boulder beetles
  Erica (D:11)
  A vault guard (D:14)
  4 two-headed ogres
  3 skeletal warriors (D:10)
  Pikel (D:3)
  A deep elf pyromancer (D:10)
  3 ugly things
  A cyclops (D:14)
  4 centaur zombies
  An elephant (D:9)
  An ice statue (IceCv)
  4 kobold demonologists
  A tengu conjurer (D:10)
  A komodo dragon (D:9)
  2 trolls
  3 meliai (D:14)
  8 slime creatures (IceCv)
  3 hornets
  2 shadows (D:10)
  7 humans
  2 wraiths (D:10)
  2 wyverns
  11 yaks
  A basilisk (D:9)
  2 steam dragons
  Edmund (D:6)
  3 water moccasins
  An acid dragon (D:9)
  6 orc warriors
  Duvessa (D:4)
  A black bear (D:9)
  A sky beast (D:6)
  An ugly thing simulacrum (IceCv)
  Purgy (Sewer)
  An ogre (D:6)
  2 necrophages
  A centaur (D:7)
  2 kobold brigands (D:9)
  2 phantoms
  3 bullfrogs
  A wyvern zombie (D:6)
  A gnoll sergeant (D:10)
  2 scorpions
  Dowan (D:4)
  A glowing shapeshifter simulacrum (IceCv)
  12 killer bees
  2 howler monkeys
  4 hounds
  A jelly (D:6)
  A gnoll shaman (D:7)
  6 orc priests
  A bullfrog skeleton (D:6)
  2 centaur skeletons
  Ijyb (D:5)
  6 orc wizards
  A hound skeleton (D:4)
  A howler monkey zombie (D:6)
  4 gnolls (D:7)
  5 adders
  A shadow imp (D:6)
  13 white imps
  An ufetubus (D:5)
  3 dart slugs
  36 orcs
  7 ball pythons
  8 endoplasms
  8 giant cockroaches
  9 goblins
  10 hobgoblins
  12 jackals
  3 kobolds
  6 quokkas
  8 bats
  3 frilled lizards
  A jackal skeleton (D:3)
  5 rats
288 creatures vanquished.

Vanquished Creatures (collateral kills)
  A hornet (D:10)
  An orc warrior (D:8)
  A centaur (D:10)
  A bullfrog (D:8)
  5 killer bees
  A howler monkey (D:8)
  An orc wizard (D:11)
  A white imp (D:7)
  8 orcs
20 creatures vanquished.

Vanquished Creatures (others)
  A human zombie (D:14)
  2 mummies
  A centaur zombie (D:10)
  A tengu zombie (D:10)
  A troll zombie (D:10)
  An orc (D:11)
  A howler monkey zombie (D:10)
  2 killer bee zombies (D:10)
  20 orc zombies
  A wyvern zombie (D:8)
  A fungus (D:9)
32 creatures vanquished.

Grand Total: 340 creatures vanquished

Notes
Turn   | Place    | Note
-------+----------+-------------------------------------------
     0 | D:1      | porpoise the Demonspawn Fighter began the quest for the
                  | Orb.
     0 | D:1      | Reached XP level 1. HP: 18/18 MP: 1/1
     2 | D:1      | Noticed a tengu
     4 | D:1      | Noticed a demigod
     4 | D:1      | Noticed a gargoyle
     6 | D:1      | Noticed a formicid
     6 | D:1      | Noticed a minotaur
     8 | D:1      | Noticed an ogre
     8 | D:1      | Noticed a troll
    10 | D:1      | Noticed a felid
    10 | D:1      | Noticed a vampire
    12 | D:1      | Noticed a naga
    12 | D:1      | Noticed a human
    14 | D:1      | Noticed a palentonga
    14 | D:1      | Noticed a barachi
    16 | D:1      | Noticed a vine stalker
    18 | D:1      | Noticed a draconian
    20 | D:1      | Noticed an octopode
    20 | D:1      | Noticed a merfolk
    22 | D:1      | Noticed a ghoul
    22 | D:1      | Noticed a spriggan
    24 | D:1      | Noticed a dwarf
    24 | D:1      | Noticed a centaur
    26 | D:1      | Noticed an elf
    26 | D:1      | Noticed a demonspawn
    87 | D:1      | Found a faded altar of an unknown god.
   408 | D:1      | Gained mutation: You have sharp fingernails. [demonic
                  | ancestry]
   408 | D:1      | Reached XP level 2. HP: 24/24 MP: 2/2
  1117 | D:2      | Reached skill level 1 in Unarmed Combat
  1118 | D:2      | Gained mutation: You have very sharp fingernails. [demonic
                  | ancestry]
  1118 | D:2      | Reached XP level 3. HP: 22/29 MP: 3/3
  2122 | D:3      | Noticed a necrophage
  2131 | D:3      | Killed a necrophage
  2132 | D:3      | Reached skill level 2 in Unarmed Combat
  2132 | D:3      | Gained mutation: You sometimes gain a little power by
                  | taking damage. [demonic ancestry]
  2132 | D:3      | Reached XP level 4. HP: 11/38 MP: 4/4
  2132 | D:3      | Gained mutation: Spells you cast may paralyse adjacent
                  | enemies. [demonic ancestry]
  2132 | D:3      | Reached XP level 5. HP: 13/43 MP: 5/5
  2754 | D:3      | Found a runed translucent door.
  2754 | D:3      | Noticed a human
  2761 | D:3      | Found a basalt altar of Yredelemnul.
  2819 | D:3      | Killed a human
  2820 | D:3      | Reached skill level 5 in Fighting
  2820 | D:3      | Reached skill level 3 in Unarmed Combat
  2820 | D:3      | Reached XP level 6. HP: 19/51 MP: 6/6
  3015 | D:3      | Became a worshipper of Yredelemnul the Dark
  3034 | D:3      | Learned a level 3 spell: Confusing Touch
  3036 | D:3      | Learned a level 1 spell: Corona
  3561 | D:4      | Noticed Pikel
  3575 | D:3      | Killed Pikel
  3576 | D:3      | Reached skill level 5 in Unarmed Combat
  3576 | D:3      | Gained mutation: You have claws for hands. [demonic
                  | ancestry]
  3576 | D:3      | Reached XP level 7. HP: 36/58 MP: 7/7
  4166 | D:4      | Noticed Duvessa
  4271 | D:4      | Noticed Dowan
  4275 | D:4      | Killed Duvessa
  4276 | D:4      | Reached skill level 6 in Unarmed Combat
  4286 | D:4      | Killed Dowan
  4720 | D:4      | Found a stormy altar of Qazlal.
  4897 | D:5      | Entered Level 5 of the Dungeon
  4898 | D:5      | Noticed Ijyb
  4903 | D:4      | Reached * piety under Yredelemnul
  4904 | D:4      | Gained mutation: You sometimes gain power by taking damage.
                  | [demonic ancestry]
  4904 | D:4      | Reached XP level 8. HP: 61/64 MP: 8/8
  4955 | D:5      | Identified the +0 plate armour of Toothy Leaves {Str+5
                  | Slay+2}
  4980 | D:5      | Found a glowing drain.
  4992 | Sewer    | Entered a sewer
  5129 | Sewer    | Noticed Purgy
  5141 | Sewer    | Killed Purgy
  5287 | D:5      | Killed Ijyb
  5436 | D:5      | Found Ecviuts's General Store.
  5569 | D:5      | Found a staircase to the Ecumenical Temple.
  5788 | D:5      | Found a shadowy altar of Dithmenos.
  5788 | D:5      | Found a bloodstained altar of Trog.
  5790 | D:5      | Found a burning altar of Makhleb.
  5861 | D:6      | Noticed Edmund
  5876 | D:6      | Killed Edmund
  5877 | D:6      | Reached skill level 7 in Unarmed Combat
  5917 | D:6      | Reached skill level 5 in Armour
  6099 | D:6      | Identified the ring "Plog" {Drain rElec rPois rC+ Will+}
  6153 | D:6      | Reached skill level 1 in Invocations
  6432 | D:6      | Reached ** piety under Yredelemnul
  6677 | D:6      | Noticed a troll
  6684 | D:6      | Killed a troll
  6685 | D:6      | Gained mutation: You are partially covered in large bone
                  | plates. (SH +4) [demonic ancestry]
  6685 | D:6      | Reached XP level 9. HP: 67/69 MP: 10/12
  6737 | D:6      | Reached skill level 8 in Unarmed Combat
  6737 | D:6      | Reached skill level 5 in Invocations
  6818 | D:6      | Found a broken altar of Ashenzari.
  7021 | D:6      | Reached skill level 1 in Dodging
  7126 | D:6      | Reached skill level 9 in Unarmed Combat
  8466 | D:7      | Gained mutation: Spells you cast may paralyse nearby
                  | enemies. [demonic ancestry]
  8466 | D:7      | Reached XP level 10. HP: 60/76 MP: 14/14
  9117 | D:8      | Reached skill level 5 in Dodging
  9278 | D:8      | Reached *** piety under Yredelemnul
  9410 | D:8      | Reached skill level 10 in Unarmed Combat
  9683 | D:8      | Found a hide-covered altar of Uskayaw.
  9784 | D:9      | Noticed a boulder beetle
  9798 | D:9      | Killed a boulder beetle
  9878 | D:9      | Found a blossoming altar of Fedhas.
  9888 | D:9      | Reached skill level 5 in Shields
  9899 | D:9      | Reached skill level 1 in Evocations
 10567 | D:9      | Found a snail-covered altar of Cheibriados.
 10878 | D:9      | Reached skill level 11 in Unarmed Combat
 10913 | D:9      | Noticed a sixfirhy
 10913 | D:9      | Received a gift from Yredelemnul (a mummy)
 11020 | D:9      | Noticed an elephant
 11021 | D:9      | Found a staircase to the Lair.
 11027 | D:9      | Gained mutation: You are mostly covered in large bone
                  | plates. (SH +6) [demonic ancestry]
 11027 | D:9      | Reached XP level 11. HP: 70/81 MP: 15/15
 11468 | D:9      | Found an opulent altar of Gozag.
 11496 | D:9      | Found a shimmering altar of Xom.
 11690 | D:10     | Entered Level 10 of the Dungeon
 11699 | D:10     | Found the +2 robe of Vines {NoPotionHeal Regen+++}
 11840 | D:10     | Noticed a two-headed ogre
 11850 | D:10     | Killed a two-headed ogre
 11851 | D:10     | Reached skill level 5 in Evocations
 12310 | D:10     | Noticed a deep elf pyromancer
 12317 | D:10     | Killed a deep elf pyromancer
 12660 | D:10     | Found an iron altar of Okawaru.
 12735 | D:10     | Reached **** piety under Yredelemnul
 13244 | D:10     | Noticed a skeletal warrior
 13244 | D:10     | Noticed a skeletal warrior
 13245 | D:10     | Noticed a skeletal warrior
 13256 | D:10     | Killed a skeletal warrior
 13272 | D:10     | Killed a skeletal warrior
 13284 | D:10     | Killed a skeletal warrior
 13615 | D:10     | Noticed Harold
 13621 | D:10     | Killed Harold
 13829 | D:10     | Found Ilamnia's Serpentskin Sales.
 13961 | D:10     | Found a staircase to the Orcish Mines.
 14088 | D:11     | Gained mutation: You are completely covered in large bone
                  | plates. (SH +8) [demonic ancestry]
 14088 | D:11     | Reached XP level 12. HP: 95/95 MP: 14/16
 14118 | D:11     | Noticed a two-headed ogre
 14126 | D:11     | Killed a two-headed ogre
 14288 | D:11     | Noticed a two-headed ogre
 14296 | D:11     | Killed a two-headed ogre
 14296 | D:11     | Received a gift from Yredelemnul (a mummy)
 14473 | D:11     | Noticed Erica
 14477 | D:11     | Noticed a two-headed ogre
 14489 | D:11     | Killed Erica
 14498 | D:11     | Killed a two-headed ogre
 15050 | D:12     | You fall into a shaft and drop 3 floors!
 15050 | D:15     | Entered Level 15 of the Dungeon
 15067 | D:14     | Noticed a vault guard
 15068 | D:14     | Noticed a vault guard
 15070 | D:14     | Noticed a vault guard
 15077 | D:15     | Noticed a boulder beetle
 15078 | D:15     | Received a gift from Yredelemnul (a mummy)
 15091 | D:15     | Killed a boulder beetle
 15197 | D:14     | Noticed a four-headed hydra
 15205 | D:14     | Killed a seven-headed hydra
 15252 | D:14     | Killed a vault guard
 15520 | D:14     | Found a frozen archway.
 15550 | IceCv    | Entered an ice cave
 15821 | IceCv    | Noticed a quicksilver ooze
 15832 | IceCv    | HP: 3/95 [drowned by a quicksilver ooze (7)]
 15832 | IceCv    | Mangled by a quicksilver ooze

Illustrated notes

Levels and vault maps discovered:
D:1:      kb_arrival_jail, layout_basic, hellmonk_ecumenical_altar_lost_god,
          lemuel_another_geyser
D:2:      layout_basic, serial_park_tiny_2, minmay_heptomino_l4
D:3:      layout_basic, dk_yredelemnul_ordeal
D:4:      layout_rooms, marbit_many_paths, st_stairs_10, uniq_duvessa,
          uniq_pikel
D:5:      layout_cave_pools, nicolae_overflow_hidden_temple,
          minmay_temple_entry_enclosed_plants, gup_sewer_entry_pipe,
          serial_shops, nicolae_shop_crystal, uniq_ijyb
D:6:      layout_basic, kennysheep_mini, grunt_ministairs_5,
          kennysheep_flooded_box, nrook_pool_corridor, minmay_ruffians,
          uniq_edmund
D:7:      layout_rooms
D:8:      layout_cave_pools, nicolae_tso_swordbearing_angel, lemuel_tele_altar,
          special_room [special_room_orc]
D:9:      layout_stronghold, amcnicky_altar_gilded, lemuel_round_altar,
          overflow_temple_1_default, lemuel_crystal_altar, david_lair_generic,
          kennysheep_nub
D:10:     hangedman_cross_stitches, layout_long_grid, okawaru_trees_2,
          hiddenorc1_lemuel, guppyfry_shop_venom, uniq_harold
D:11:     layout_cross, uniq_erica
D:12:     layout_roguey, uniq_jorgrun
D:14:     layout_gridville, erik_vaults_2, portal_ice_cave_entry_imps
D:15:     gammafunk_enter_depths_forms, layout_stronghold,
          kiku_gazebo_garden_becter
IceCv:    ice_cave_hellmonk_azure_passage

Skill      XL: |  1  2  3  4  5  6  7  8  9 10 11 12 |
---------------+-------------------------------------+-----
Polearms       | 2 |  2.1
Unarmed Combat | 1 2 3 5 6 7 9 11 | 11.8
Fighting       | 4 5 6 9 |  9.0
Armour         | 3 5 6 7 |  7.0
Invocations    | 4 6 9 |  9.0
Dodging        | 4 5 6 7 |  7.0
Shields        | 3 5 7 |  7.0
Evocations     | 3 6 |  6.0

Action                   |  1- 3 |  4- 6 |  7- 9 | 10-12 || total
-------------------------+-------+-------+-------+-------++-------
Melee: Trident           |   142 |    63 |       |       ||   205
       Unarmed           |       |       |   232 |   517 ||   749
 Fire: Hunting sling     |    13 |     4 |    94 |    85 ||   196
Throw: Dart              |       |     2 |    21 |    23 ||    46
       Javelin           |       |       |       |     4 ||     4
Invok: Animate Remains   |       |       |     1 |     8 ||     9
       Animate Dead      |       |       |       |    25 ||    25
       Recall Undead Sla |       |       |       |     4 ||     4
       Injury Mirror     |       |       |       |     2 ||     2
Evoke: Wand              |       |       |       |     5 ||     5
  Use: Potion            |       |     3 |     1 |     4 ||     8
       Scroll            |       |     2 |    11 |     4 ||    17
 Stab: Distracted        |       |       |       |     9 ||     9
       Paralysed         |       |       |       |     3 ||     3
Armor: Scale mail        |    51 |    23 |    68 |       ||   142
       Plate armour      |       |       |    51 |   195 ||   246
Dodge: Dodged            |    21 |    20 |    47 |   125 ||   213
Block: Kite shield       |    57 |    28 |   156 |   448 ||   689

Table legend: (Time is in decaauts)
 A = Elapsed time spent in this place.
 B = Non-inter-level travel time spent in this place.
 C = Inter-level travel time spent in this place.
 D = Time resting spent in this place.
 E = Time spent auto-exploring this place.
 F = Levels seen in this place.
 G = Mean time per level.
                   A        B        C        D        E       F      G
               +--------+--------+--------+--------+--------+-----+--------+
         Total |  15979 |  15520 |    459 |   6319 |   6422 |  16 |  998.7 |
       Dungeon |  15439 |  14980 |    459 |   6050 |   6335 |  14 | 1102.8 |
         Sewer |    259 |    259 |      0 |    147 |     59 |   1 |  259.0 |
      Ice Cave |    280 |    280 |      0 |    122 |     28 |   1 |  280.0 |
               +--------+--------+--------+--------+--------+-----+--------+

Top non-repeatable levels by time:
    D:10: 2375 daAuts
     D:6: 2181 daAuts
     D:3: 2103 daAuts
     D:8: 1453 daAuts
     D:9: 1403 daAuts
     D:1: 1039 daAuts
     D:4: 985 daAuts
    D:11: 945 daAuts
     D:2: 927 daAuts
     D:7: 840 daAuts
     D:5: 648 daAuts
    D:14: 373 daAuts
   IceCv: 280 daAuts
   Sewer: 259 daAuts
    D:15: 130 daAuts
